 Dungeon Crawl Stone Soup version 0.28-a0-1613-gdaab1c2f9b (webtiles) character file.

Game seed: 16417488726260745722

315 Pin the Skirmisher (level 6, 0/56 HPs)
             Began as a Hill Orc Fighter on Jan 21, 2022.
             Was an Initiate of Beogh.
             Killed by nerve-wracking pain
             ... invoked by Menkaure
              (9 damage)
             ... on level 4 of the Dungeon.
             The game lasted 00:04:16 (3006 turns).

Pin the Skirmisher (Hill Orc Fighter)               Turns: 3006, Time: 00:04:17

Health: 0/56       AC: 12    Str: 21    XL:     6   Next: 44%
Magic:  6/6        EV:  7    Int:  8    God:    Beogh [......]
Gold:   77         SH:  4    Dex: 10    Spells: 5/5 levels left

rFire   + . .      SeeInvis .   a - +0 war axe
rCold   . . .      Faith    .   c - +0 buckler
rNeg    . . .      Spirit   .   l - +0 chain mail
rPois   .          Reflect  .   g - +2 hat
rElec   .          Harm     .   i - +0 cloak
rCorr   .          Rampage  .   (no gloves)
Will    .....                   (no boots)
Stlth   ..........              (no amulet)
HPRegen 0.18/turn               m - ring of protection from fire
MPRegen 0.10/turn               (no ring)

@: no status effects
A: no striking features
a: Renounce Religion


You were on level 4 of the Dungeon.
You worshipped Beogh.
Beogh was noncommittal.
You visited 1 branch of the dungeon, and saw 4 of its levels.

You collected 77 gold pieces.

Inventory:

Hand Weapons
 a - a +0 war axe (weapon)
Armour
 c - a +0 buckler (worn)
 g - a +2 hat (worn)
 i - a +0 cloak (worn)
 l - a +0 chain mail (worn)
Jewellery
 m - a ring of protection from fire (left hand)
Wands
 h - a wand of digging (3)
Scrolls
 b - 2 scrolls of vulnerability {unknown}
 j - a scroll of identify
Potions
 d - a potion of might
 e - a potion of mutation {unknown}
 f - 2 potions of heal wounds
 k - a potion of lignification {unknown}


   Skills:
 + Level 5.1 Fighting
 + Level 4.9 Axes
 + Level 4.7 Armour
 + Level 4.8 Shields


You had 5 spell levels left.
You didn't know any spells.
Your spell library contained the following spells:

 Spells                   Type           Power      Damage    Failure   Level
 Stone Arrow              Conj/Erth      0%         3d7       100%        3
 Animate Armour           Summ/Erth      0%         N/A       100%        4
 Lehudib's Crystal Spear  Conj/Erth      0%         10d2      100%        8


Dungeon Overview and Level Annotations

Branches:
Dungeon (4/15)
 Temple: D:4-7

Altars:

Annotations:
D:4 Menkaure


Message History

Beogh welcomes you!
With a roar of approval, the orcs welcome you as one of their own, and spare your life.
Menkaure, Prince of Dust comes into view.
Menkaure shouts!
Menkaure mumbles some strange words.
Menkaure seems to speed up.
There is an open door here.
Menkaure points at you and mumbles some strange words.
The orc wizard writhes in agony.
The orc wizard points at Menkaure and mumbles some strange words.
The magic dart hits Menkaure!
The orc hits Menkaure with a +0 short sword.
The orc wizard barely misses Menkaure.
There is an open door here.
Menkaure closely misses the orc wizard.
The orc wizard hits Menkaure with a +0 dagger.
The orc priest completely misses Menkaure.
Menkaure hits the orc wizard!!
The orc wizard dies!
The orc hits Menkaure but does no damage.
The orc priest closely misses Menkaure.
Menkaure sighs to the orc, "From dust you came, to dust you will return."
Menkaure hits the orc!!
The orc dies!
Menkaure shouts!
Menkaure calls on the powers of darkness!
The orc priest convulses!
Your body is wracked with pain!
The orc priest barely misses Menkaure.
Menkaure calls on the powers of darkness!
The orc priest convulses!
The orc convulses!
Your body is wracked with pain!
* * * LOW HITPOINT WARNING * * *
Menkaure calls on the powers of darkness!
The orc priest convulses!
Your body is wracked with pain!
* * * LOW HITPOINT WARNING * * *
There is an open door here.
Menkaure casts a spell at you. Pain shoots through your body!
You die...

##...##
##.....##
##.......##
#.........#
+....)....+
#....o....#
#.o.M...#
#.....#
##.@.##
##'## #.#
#.# ##.##
##...##
#.....#
##...#######
##.........


You could see Menkaure (fast), a neutral orc priest (wandering) and a neutral
orc (wandering).

Vanquished Creatures
  A necrophage (D:4)
  A hound (D:4)
  Ijyb (D:4)
  The ghost of comborobin the Ruffian, a weakling TrCA of Ignis (D:4)
  A hound zombie (D:3)
  A hound skeleton (D:4)
  3 adders
  A shadow imp (D:4)
  3 worms (D:2)
  5 dart slugs
  11 endoplasms
  7 giant cockroaches
  4 goblins
  9 hobgoblins
  8 kobolds
  A quokka (D:4)
  8 ball pythons
  7 bats
  3 frilled lizards
  7 rats
83 creatures vanquished.

Vanquished Creatures (others)
  An orc wizard (D:4)
  An orc (D:4)
2 creatures vanquished.

Grand Total: 85 creatures vanquished

Notes
Turn   | Place    | Note
-------+----------+-------------------------------------------
     0 | D:1      | Pin the Hill Orc Fighter began the quest for the Orb.
     0 | D:1      | Reached XP level 1. HP: 19/19 MP: 1/1
   131 | D:1      | Reached XP level 2. HP: 24/27 MP: 2/2
   373 | D:1      | Reached skill level 4 in Fighting
   458 | D:1      | Reached XP level 3. HP: 33/33 MP: 3/3
  1183 | D:2      | Reached XP level 4. HP: 40/40 MP: 4/4
  2133 | D:3      | Reached XP level 5. HP: 45/47 MP: 5/5
  2386 | D:4      | Noticed comborobin's ghost (weakling TrCA)
  2396 | D:4      | Found a runed translucent gate.
  2396 | D:4      | Found a runed translucent gate.
  2398 | D:4      | Found a runed translucent gate.
  2403 | D:4      | Noticed a necrophage
  2415 | D:4      | Killed a necrophage
  2429 | D:4      | Reached XP level 6. HP: 30/55 MP: 6/6
  2430 | D:4      | Killed comborobin's ghost
  2431 | D:4      | Reached skill level 5 in Fighting
  2608 | D:4      | Noticed Ijyb
  2623 | D:4      | Killed Ijyb
  2994 | D:4      | Became a worshipper of Beogh the Brigand
  2995 | D:4      | Noticed Menkaure
  3006 | D:4      | Killed from afar by Menkaure

Illustrated notes

Levels and vault maps discovered:
D:1:      psy_arrival_radial01, layout_basic
D:2:      layout_loops_cross, dk_noncrumbling_3, minmay_misc_feat_more_columns
D:3:      layout_rooms
D:4:      layout_loops_corners, gammafunk_ghost_split, uniq_menkaure,
          uniq_crazy_yiuf_cottage, uniq_ijyb

Skill      XL: |  1  2  3  4  5  6 |
---------------+-------------------+-----
Axes           | 3 4 |  4.9
Fighting       | 4 5 |  5.1
Shields        | 4 |  4.8
Armour         | 4 |  4.7

Action                   |  1- 3 |  4- 6 || total
-------------------------+-------+-------++-------
Melee: War axe           |    91 |   133 ||   224
Invok: Convert to Beogh  |       |     1 ||     1
  Use: Scroll            |       |     3 ||     3
Armor: Scale mail        |    41 |    27 ||    68
       Chain mail        |       |    60 ||    60
       Skin              |       |     5 ||     5
Dodge: Dodged            |    30 |    60 ||    90
Block: Buckler           |    23 |    34 ||    57

Table legend: (Time is in decaauts)
 A = Elapsed time spent in this place.
 B = Non-inter-level travel time spent in this place.
 C = Inter-level travel time spent in this place.
 D = Time resting spent in this place.
 E = Time spent auto-exploring this place.
 F = Levels seen in this place.
 G = Mean time per level.
                   A        B        C        D        E       F      G
               +--------+--------+--------+--------+--------+-----+--------+
         Total |   3083 |   3032 |     51 |    536 |   1855 |   4 |  770.8 |
       Dungeon |   3083 |   3032 |     51 |    536 |   1855 |   4 |  770.8 |
               +--------+--------+--------+--------+--------+-----+--------+

Top non-repeatable levels by time:
     D:2: 865 daAuts
     D:1: 855 daAuts
     D:3: 695 daAuts
     D:4: 667 daAuts
